[Event "Titled Tuesday Blitz February 07 Late 2023"]
[White "Demidov, Mikhail"]
[Black "Aggelis, Nikolaos"]
[WhiteFideId "4197143"]
[BlackFideId "4213220"]
[WhiteElo "2583"]
[BlackElo "2270"]
[Result "1-0"]
[Round "02"]
[TimeControl "180+2"]
[Date "2023.02.07"]
[WhiteClock "0:01:24"]
[BlackClock "0:00:06"]

1. Nf3 Nf6 2. g3 g6 3. b3 Bg7 4. Bb2 O-O 5. Bg2 d5 6. c4 dxc4 7. bxc4 c5 8. O-O Nc6 9. Nc3 e5 10. d3 Re8 11. Rb1 Nd4 12. Nd2 Bg4 13. h3 Bf5 14. Nde4 Nxe4 15. Nxe4 b6 16. e3 Nc6 17. Qe2 Rc8 18. Rfd1 Qe7 19. Nc3 Red8 20. Nd5 Qd7 21. Kh2 Nb4 22. e4 Be6 23. f4 Nc6 24. Rf1 exf4 25. Rxf4 Bxb2 26. Qxb2 Bxd5 27. cxd5 Nd4 28. Rbf1 Rf8 29. h4 Rce8 30. Rf6 Qb5 31. Qd2 Qd7 32. Bh3 Qd8 33. h5 Re5 34. h6 Rh5 35. Kg2 Qe7 36. Bg4 Re5 37. Qf4 Nb5 38. Be6 fxe6 39. Rxf8+ 1-0


[Site "https://www.chess.com"]

[Event "Titled Tuesday Blitz February 07 Late 2023"]
[White "Dobrikov, Marco"]
[Black "Pichot, Alan"]
[WhiteFideId "12950378"]
[BlackFideId "110973"]
[WhiteElo "2269"]
[BlackElo "2638"]
[Result "0-1"]
[Round "02"]
[TimeControl "180+2"]
[Date "2023.02.07"]
[WhiteClock "0:00:14"]
[BlackClock "0:00:13"]

1. c4 c5 2. Nc3 Nc6 3. e3 g6 4. Nf3 Bg7 5. a3 Nf6 6. Be2 O-O 7. O-O d5 8. cxd5 Nxd5 9. Qc2 b6 10. d3 Bb7 11. Bd2 Rc8 12. Nxd5 Qxd5 13. Bc3 Nd4 14. Qd1 Nxe2+ 15. Qxe2 Rfd8 16. Rfd1 Ba6 17. Bxg7 Kxg7 18. Ne1 e5 19. Qc2 Rd7 20. Qc3 f6 21. h3 Rcd8 22. b4 cxb4 23. axb4 Bb5 24. Kh2 Qe6 25. Rd2 a6 26. Rad1 Rd5 27. d4 Ba4 28. Ra1 exd4 29. Rxd4 Rxd4 30. exd4 Bb5 31. Nf3 Rc8 32. Qd2 Qd6+ 33. Kg1 Re8 34. Re1 Rxe1+ 35. Qxe1 Bc6 36. Nh2 Bd7 37. Qc3 Qc6 38. Qd2 Qd5 39. Nf3 a5 40. bxa5 bxa5 41. Qc2 a4 42. Qc3 Qc6 43. Qb4 Kf7 44. Qa5 Qd6 45. Qa7 Ke8 46. Qa8+ Ke7 47. Qa7 Qb4 48. d5 a3 49. Nd4 Kd6 50. Kh2 a2 51. Nc6 Qb2 52. Nb8 a1=Q 53. Qxd7+ Kc5 54. Qc7+ Kxd5 55. Qd7+ Kc4 56. Qc6+ Kd3 57. Qf3+ Kc2 58. Nc6 Qd1 59. Qe4+ Kc1 60. Nb4 Qd6+ 61. f4 Qbxb4 62. Qe3+ Kc2 63. Qe2+ Kb1 64. Kh1 Qbxf4 65. Qe1+ Qc1 66. Qg1 Qxg1+ 0-1


[Site "https://www.chess.com"]

[Event "Titled Tuesday Blitz February 07 Late 2023"]
[White "Gorodetzky, David"]
[Black "Bellissimo, Joseph F."]
[WhiteFideId "2813416"]
[BlackFideId "2609843"]
[WhiteElo "2485"]
[BlackElo "2203"]
[Result "1/2-1/2"]
[Round "02"]
[TimeControl "180+2"]
[Date "2023.02.07"]
[WhiteClock "0:00:02"]
[BlackClock "0:00:12"]

1. d4 Nf6 2. Nf3 e6 3. Bf4 b5 4. e3 a6 5. h3 Bb7 6. Nbd2 c5 7. a4 b4 8. Nc4 d5 9. Nce5 Nbd7 10. a5 Ne4 11. Nxd7 Qxd7 12. Ne5 Qd8 13. c4 Bd6 14. Qa4+ Ke7 15. f3 Nf6 16. Rc1 Rc8 17. Be2 Re8 18. dxc5 Bxc5 19. Nd3 Bd6 20. c5 Bxf4 21. exf4 Bc6 22. Qxb4 Nd7 23. Qc3 Kf8 24. O-O Kg8 25. b4 f6 26. Nf2 e5 27. Bxa6 Rb8 28. fxe5 fxe5 29. Qd3 Qg5 30. b5 e4 31. fxe4 dxe4 32. Qd6 e3 33. bxc6 exf2+ 34. Kh2 Ne5 35. Rc3 Qf4+ 36. Rg3 Rbd8 37. c7 Rxd6 38. cxd6 Nd7 39. c8=Q Rxc8 40. Bxc8 Qxd6 41. Bxd7 Qxd7 42. Rxf2 Qa7 43. Ra2 h6 44. a6 Kf7 45. Rf3+ Kg6 46. Ra4 Qb8+ 47. Rg3+ Kh5 48. a7 Qa8 49. Rxg7 Qxg2+ 50. Rxg2 1/2-1/2


[Site "https://www.chess.com"]

[Event "Titled Tuesday Blitz February 07 Late 2023"]
[White "Osmak, Yuliia"]
[Black "Stoyanov, Tsvetan"]
[WhiteFideId "14101602"]
[BlackFideId "2917173"]
[WhiteElo "2440"]
[BlackElo "2454"]
[Result "1/2-1/2"]
[Round "02"]
[TimeControl "180+2"]
[Date "2023.02.07"]
[WhiteClock "0:00:02"]
[BlackClock "0:00:05"]

1. e4 c5 2. c3 g6 3. d4 cxd4 4. cxd4 d5 5. e5 Nc6 6. Nc3 Bg7 7. h3 f6 8. exf6 Nxf6 9. Nf3 O-O 10. Bd3 Nh5 11. Be3 Nf4 12. O-O Nxd3 13. Qxd3 Bxh3 14. Qb5 Bg4 15. Nh2 Be6 16. Qxb7 Nxd4 17. Rad1 Nf5 18. Nxd5 Bxd5 19. Rxd5 Qe8 20. Bxa7 Nd6 21. Qb3 Qf7 22. Bd4 Rab8 23. Qf3 Qe6 24. Qc3 Qxd5 25. Bxg7 Ne4 26. Qe5 Qxe5 27. Bxe5 Rb5 28. f4 Nd2 29. Rc1 g5 30. Ng4 Kf7 31. fxg5 Kg6 32. Bc3 Ne4 33. Ne5+ Kxg5 34. Bd4 Rd5 35. Be3+ Kf6 36. Rf1+ Kg7 37. Nf3 Rdf5 38. Bd4+ Kg8 39. Re1 Rf4 40. a4 e6 41. a5 Ng3 42. a6 Nf5 43. Bf2 Ra8 44. a7 Nd6 45. Rxe6 Nb5 46. Rb6 Nxa7 47. Ra6 Rf7 48. Ne5 Rg7 49. Nc6 Nxc6 50. Rxa8+ Kf7 51. Ra6 Nb4 52. Ra7+ Kg6 53. Rxg7+ Kxg7 54. Bd4+ Kg6 55. Bc3 Nd3 56. Kf1 Kf5 57. Ke2 Nf4+ 58. Kf3 Nd5 59. Bd4 h5 60. Be3 Nb4 61. Bd2 Nc2 62. b4 Ke5 63. Bc3+ Kd5 64. Kf4 Kc4 65. Bd2 Nd4 66. Kg5 Ne2 67. Kxh5 Ng3+ 68. Kg4 Ne4 69. Be1 Nf6+ 70. Kf5 Nd5 71. g4 Ne3+ 72. Kf4 Ng2+ 73. Ke4 Nxe1 74. g5 Nd3 75. g6 Nf2+ 76. Kf5 Nd3 77. g7 Nxb4 78. g8=Q+ Kc3 79. Qc8+ Kd3 80. Qd7+ Kc3 81. Qc8+ Kb3 82. Ke4 Nc2 83. Kd3 Nb4+ 84. Kd2 Ka3 85. Qc3+ Ka4 86. Qh8 Kb5 87. Kc3 Kc5 88. Qh5+ Nd5+ 89. Kd3 Kd6 90. Qh6+ Ke5 91. Qh1 Nf4+ 92. Ke3 Nd5+ 93. Kf3 Nf6 94. Qh4 Kf5 95. Qg3 Ke6 96. Qh3+ Ke5 97. Ke3 Nd5+ 98. Kd3 Nf4+ 99. Kc3 Nxh3 1/2-1/2


[Site "https://www.chess.com"]

[Event "Titled Tuesday Blitz February 07 Late 2023"]
[White "Harvey, Marcus R"]
[Black "Fisher_TheGalactic"]
[WhiteFideId "400092"]
[WhiteElo "2462"]
[BlackElo "2561"]
[Result "1-0"]
[Round "02"]
[TimeControl "180+2"]
[Date "2023.02.07"]
[WhiteClock "0:00:26"]
[BlackClock "0:00:02"]

1. d4 b6 2. e4 Bb7 3. Bd3 Nf6 4. Qe2 e6 5. Nf3 d5 6. e5 Nfd7 7. O-O c5 8. c3 Nc6 9. a3 Qc7 10. Bf4 h6 11. h3 Be7 12. Nbd2 c4 13. Bc2 O-O-O 14. b3 Na5 15. bxc4 Nxc4 16. Bd3 Ba6 17. Nxc4 Bxc4 18. Bxc4 Qxc4 19. Qxc4+ dxc4 20. Nd2 Kb7 21. a4 Rc8 22. Be3 Ka6 23. f4 g6 24. g4 h5 25. Kg2 hxg4 26. hxg4 Rh4 27. Kg3 Rch8 28. Nf3 Rh3+ 29. Kg2 Nb8 30. f5 gxf5 31. gxf5 Nc6 32. f6 Bf8 33. Bf4 R3h5 34. Kf2 Rf5 35. Ke3 Nd8 36. Rh1 Rfh5 37. Rxh5 Rxh5 38. Rg1 Ba3 39. Rg8 Nc6 40. Rg7 Nd8 41. Ng5 Rh4 42. Kf3 Rh1 43. Nxf7 Nxf7 44. Rxf7 Rh3+ 45. Bg3 Bb2 46. Rc7 Bxc3 47. Rxc4 Be1 48. f7 Rxg3+ 49. Ke2 Rg2+ 50. Kxe1 Rg1+ 51. Kf2 1-0


[Site "https://www.chess.com"]

[Event "Titled Tuesday Blitz February 07 Late 2023"]
[White "Filgueira, Hernan"]
[Black "Ramirez, Alejandro"]
[WhiteFideId "101770"]
[BlackFideId "6500617"]
[WhiteElo "2283"]
[BlackElo "2572"]
[Result "0-1"]
[Round "02"]
[TimeControl "180+2"]
[Date "2023.02.07"]
[WhiteClock "0:00:16"]
[BlackClock "0:00:25"]

1. d4 Nf6 2. Nf3 e6 3. Bg5 Be7 4. e3 O-O 5. Nbd2 d6 6. c3 Nbd7 7. Be2 b6 8. h3 Bb7 9. O-O Nh5 10. Bxe7 Qxe7 11. a4 a6 12. Ne1 Nhf6 13. Bf3 d5 14. Nd3 e5 15. dxe5 Nxe5 16. Nxe5 Qxe5 17. a5 b5 18. Nb3 Nd7 19. Qd2 Rad8 20. Rad1 c6 21. g3 Rfe8 22. Bg2 Qc7 23. Ra1 c5 24. Rfc1 Ne5 25. Qd1 g6 26. Nd2 Nc4 27. b4 cxb4 28. cxb4 d4 29. Nxc4 Bxg2 30. Kxg2 dxe3 31. Nxe3 Rxd1 32. Rxd1 Kg7 33. Rd4 Qb7+ 34. Kg1 Qf3 35. Rad1 Rxe3 36. fxe3 Qxg3+ 37. Kf1 Qf3+ 38. Kg1 Qxh3 39. R1d3 Qg3+ 40. Kf1 h5 41. e4 Qe5 42. Kg2 g5 43. Kf3 g4+ 44. Kg2 h4 45. Rd5 h3+ 46. Kg1 Qxe4 47. Rd2 f5 48. R5d4 Qe3+ 49. Kh2 Qe5+ 50. Kg1 g3 51. Rd7+ Kg6 52. R2d6+ Kg5 0-1


[Site "https://www.chess.com"]

[Event "Titled Tuesday Blitz February 07 Late 2023"]
[White "Yanchenko, Roman"]
[Black "Maltsevskaya, Aleksandra"]
[WhiteFideId "4137329"]
[BlackFideId "24174041"]
[WhiteElo "2466"]
[BlackElo "2390"]
[Result "0-1"]
[Round "02"]
[TimeControl "180+2"]
[Date "2023.02.07"]
[WhiteClock "0:00:14"]
[BlackClock "0:00:26"]

1. d4 Nf6 2. Nf3 g6 3. Bf4 Bg7 4. e3 O-O 5. Be2 d6 6. O-O Nbd7 7. h3 Ne4 8. Nbd2 Nxd2 9. Qxd2 e5 10. dxe5 dxe5 11. Bg5 f6 12. Bh4 Qe7 13. Bc4+ Kh8 14. Rfd1 Nb6 15. Bb3 Be6 16. Qa5 Bxb3 17. axb3 h6 18. g4 Kh7 19. Kg2 a6 20. Qa3 Qe6 21. Qc5 Rac8 22. Rd2 h5 23. gxh5 gxh5 24. Rad1 Bh6 25. Qb4 Qf5 26. Bg3 Bg5 27. Qe7+ Kh8 28. Rd8 Rcxd8 29. Rxd8 Rxd8 30. Qxd8+ Kg7 31. Qxc7+ Nd7 32. Nxg5 fxg5 33. Bxe5+ Kf7 34. Qxb7 g4 35. hxg4 Qxg4+ 36. Kh2 Qh4+ 37. Kg1 Qg4+ 38. Kh1 Qh3+ 39. Kg1 Qg4+ 40. Kf1 Qd1+ 41. Kg2 Qg4+ 42. Bg3 h4 43. Qd5+ Ke8 44. Qa8+ Ke7 45. Qf3 h3+ 0-1


[Site "https://www.chess.com"]

[Event "Titled Tuesday Blitz February 07 Late 2023"]
[White "Kavutskiy, Konstantin"]
[Black "Riehle, Marco"]
[WhiteFideId "2026384"]
[BlackFideId "12904392"]
[WhiteElo "2414"]
[BlackElo "2368"]
[Result "1-0"]
[Round "02"]
[TimeControl "180+2"]
[Date "2023.02.07"]
[WhiteClock "0:00:45"]
[BlackClock "0:00:25"]

1. d4 d5 2. c4 e6 3. Nf3 Nf6 4. Nc3 c5 5. cxd5 Nxd5 6. e4 Nxc3 7. bxc3 cxd4 8. cxd4 Bb4+ 9. Bd2 Bxd2+ 10. Qxd2 O-O 11. Bc4 b6 12. O-O Bb7 13. Rfe1 Nc6 14. Rad1 Rc8 15. Bb3 Na5 16. Bc2 Nc4 17. Qf4 Qf6 18. Qg3 Ne3 19. e5 Qh6 20. Bxh7+ Qxh7 21. Rxe3 Rc2 22. Ng5 Qh5 23. Rde1 Rfc8 24. h4 Rxa2 25. Ne4 Bxe4 26. Rxe4 Rcc2 27. Rg4 g6 28. Rf4 Qh6 29. d5 exd5 30. e6 fxe6 31. Rxe6 Kg7 32. Rff6 Ra3 33. Rxg6+ Kf7 34. Ref6+ Ke7 35. Qd6+ Ke8 36. Rg8+ Qf8 37. Rgxf8# 1-0


[Site "https://www.chess.com"]

[Event "Titled Tuesday Blitz February 07 Late 2023"]
[White "Pakleza, Zbigniew"]
[Black "Ismagilov, Damir"]
[WhiteFideId "1119290"]
[BlackFideId "34199982"]
[WhiteElo "2494"]
[BlackElo "2156"]
[Result "1-0"]
[Round "02"]
[TimeControl "180+2"]
[Date "2023.02.07"]
[WhiteClock "0:00:36"]
[BlackClock "0:00:11"]

1. d4 Nf6 2. Nf3 b6 3. Bf4 Bb7 4. h3 g6 5. e3 Bg7 6. Be2 O-O 7. O-O d6 8. c3 Nfd7 9. a4 e5 10. Bh2 Nc6 11. Nbd2 a5 12. Nc4 e4 13. Nfd2 f5 14. b4 d5 15. b5 Ne7 16. Na3 h6 17. c4 Kh7 18. Rc1 Nf6 19. Qb3 dxc4 20. Naxc4 Bd5 21. Qb1 Rc8 22. Rc2 Be6 23. Rfc1 Ned5 24. Ne5 Nb4 25. Nc6 Nxc6 26. Rxc6 Bd5 27. Rxc7 Rxc7 28. Bxc7 Qd7 29. Bxb6 g5 30. Rc7 Qd6 31. Bxa5 f4 32. Qb4 Qxb4 33. Bxb4 Ra8 34. a5 fxe3 35. fxe3 Kg6 36. a6 Ne8 37. Rd7 Be6 38. Re7 Kf6 39. b6 Bf8 40. Nxe4+ Kf5 41. Ng3+ Kf6 42. Nh5+ Kf5 43. Bd3# 1-0


[Site "https://www.chess.com"]

[Event "Titled Tuesday Blitz February 07 Late 2023"]
[White "Mikaelyan, Arman"]
[Black "Hansen, Torbjorn Ringdal"]
[WhiteFideId "13304852"]
[BlackFideId "1501720"]
[WhiteElo "2523"]
[BlackElo "2432"]
[Result "1-0"]
[Round "02"]
[TimeControl "180+2"]
[Date "2023.02.07"]
[WhiteClock "0:00:39"]
[BlackClock "0:00:41"]

1. a3 e5 2. e3 g6 3. d4 Nc6 4. Nf3 Bg7 5. Be2 Nge7 6. O-O O-O 7. dxe5 Nxe5 8. c4 Nxf3+ 9. Bxf3 Nc6 10. Nc3 d6 11. Nd5 Ne5 12. Be2 c6 13. Nf4 Qe7 14. Bd2 f5 15. Bc3 Bd7 16. Qc2 Rad8 17. Rad1 Bc8 18. Rd2 Qf7 19. Rfd1 Qe7 20. Bb4 Nf7 21. Bc3 Ne5 22. b4 b6 23. b5 cxb5 24. cxb5 Bb7 25. Qa2+ Kh8 26. Bb4 Qg5 27. Bxd6 Rfe8 28. Bxe5 Bxe5 29. Bf1 Bxf4 30. exf4 Rxd2 31. Qa1+ Kg8 32. fxg5 1-0


[Site "https://www.chess.com"]

[Event "Titled Tuesday Blitz February 07 Late 2023"]
[White "Kleiman, Jake"]
[Black "Gadimbayli, Abdulla"]
[WhiteFideId "2020041"]
[BlackFideId "13404938"]
[WhiteElo "2399"]
[BlackElo "2500"]
[Result "1-0"]
[Round "02"]
[TimeControl "180+2"]
[Date "2023.02.07"]
[WhiteClock "0:01:12"]
[BlackClock "0:00:21"]

1. e4 e5 2. Nf3 d5 3. Nxe5 Bd6 4. d4 dxe4 5. Nc4 Nf6 6. Nc3 O-O 7. Bg5 Nc6 8. Qd2 Re8 9. O-O-O Bb4 10. a3 Bxc3 11. Qxc3 h6 12. Bh4 Nd5 13. Bxd8 Nxc3 14. bxc3 Nxd8 15. Ne3 f5 16. g3 g6 17. Nd5 Ne6 18. Nf6+ Kf7 19. Nxe8 Kxe8 20. Bc4 Ke7 21. Rhe1 Kf6 22. f3 exf3 23. Bd5 Ng5 24. h4 Ne6 25. Bxf3 c6 26. d5 cxd5 27. Rxd5 Ke7 28. Rde5 Kd6 29. Bxb7 Bxb7 30. Rxe6+ Kc5 31. Rxg6 Be4 32. g4 Rf8 33. gxf5 Bxf5 34. Re5+ 1-0


[Site "https://www.chess.com"]

[Event "Titled Tuesday Blitz February 07 Late 2023"]
[White "Avila Pavas, Santiago"]
[Black "Gurevich, Dmitry"]
[WhiteFideId "4437128"]
[BlackFideId "2000407"]
[WhiteElo "2522"]
[BlackElo "2393"]
[Result "0-1"]
[Round "02"]
[TimeControl "180+2"]
[Date "2023.02.07"]
[WhiteClock "0:00:02"]
[BlackClock "0:00:22"]

1. d4 Nf6 2. Nf3 e6 3. Bf4 b6 4. e3 Bb7 5. Nbd2 Be7 6. Bd3 c5 7. c3 cxd4 8. exd4 O-O 9. Qe2 d6 10. O-O-O a6 11. h4 Nbd7 12. Kb1 b5 13. Ng5 b4 14. cxb4 Qb6 15. Ndf3 h6 16. a3 a5 17. b5 a4 18. Nxe6 fxe6 19. Qxe6+ Kh8 20. Qxe7 Nd5 21. Qxd7 Nxf4 22. Ng5 Nxd3 23. Rxd3 Rad8 24. Qe6 Qxb5 25. Qg6 Qf5 26. Qxf5 Rxf5 27. Ne6 Be4 28. Nxd8 Bxd3+ 29. Ka1 Rxf2 30. Nb7 Rxg2 31. Nxd6 h5 32. Rd1 Bc2 33. Rc1 Bb3 34. Ne4 Kh7 35. Nc5 g5 36. Nxb3 axb3 37. hxg5 h4 38. Rh1 Kg6 39. d5 h3 40. d6 h2 0-1


[Site "https://www.chess.com"]

[Event "Titled Tuesday Blitz February 07 Late 2023"]
[White "Landaw, Julian"]
[Black "Boros, Denes"]
[WhiteFideId "2023342"]
[BlackFideId "722340"]
[WhiteElo "2318"]
[BlackElo "2406"]
[Result "0-1"]
[Round "02"]
[TimeControl "180+2"]
[Date "2023.02.07"]
[WhiteClock "0:00:07"]
[BlackClock "0:00:11"]

1. e4 g6 2. Nc3 Bg7 3. g3 c6 4. Bg2 Nf6 5. Nge2 d5 6. d4 dxe4 7. Nxe4 Nxe4 8. Bxe4 Bg4 9. c3 Nd7 10. h3 Bf5 11. Bxf5 gxf5 12. Nf4 Qa5 13. Qb3 Qa6 14. Nh5 Bf8 15. Bg5 Rg8 16. Be3 Nb6 17. O-O-O Nd5 18. Rhe1 b5 19. Bf4 O-O-O 20. Kb1 Rg6 21. Bc1 Bh6 22. Qc2 e6 23. a3 Kb7 24. Rg1 Rdg8 25. Qe2 Qxa3 26. Bxh6 Rxh6 27. Qd2 Qf8 28. Nf4 Nxf4 29. Qxf4 Rxh3 30. Rh1 Rxh1 31. Rxh1 Rg7 32. Qe5 a6 33. Rh4 h6 34. Ka2 Rg5 35. Qf6 Rg6 36. Qe5 Qd8 37. Qf4 Qf6 38. Qd6 Rg8 39. Qd7+ Kb6 40. d5 exd5 41. Rf4 Rd8 42. Qxf5 Qxf5 43. Rxf5 Rd7 44. Rf6 b4 45. Rxh6 Kb5 46. cxb4 d4 47. Rf6 d3 48. Kb3 d2 0-1


[Site "https://www.chess.com"]

[Event "Titled Tuesday Blitz February 07 Late 2023"]
[White "Borges Feria, Yasel"]
[Black "Vega Gutierrez, Sabrina"]
[WhiteFideId "3504921"]
[BlackFideId "2219026"]
[WhiteElo "2439"]
[BlackElo "2377"]
[Result "1-0"]
[Round "02"]
[TimeControl "180+2"]
[Date "2023.02.07"]
[WhiteClock "0:00:44"]
[BlackClock "0:00:02"]

1. e4 c5 2. Nf3 e6 3. d4 cxd4 4. Nxd4 Nf6 5. Nc3 d6 6. g4 h6 7. Rg1 Nc6 8. Be3 Bd7 9. h3 a6 10. Qe2 Qc7 11. O-O-O b5 12. a3 Ne5 13. f4 Nc4 14. Rd3 Nxe3 15. Qxe3 Rc8 16. Kb1 Be7 17. Be2 g5 18. f5 Qc5 19. fxe6 fxe6 20. Rgd1 O-O 21. Qg3 Qe5 22. Qxe5 dxe5 23. Nf3 Bc6 24. Nxe5 Bxe4 25. Nxe4 Nxe4 26. Re3 Nc5 27. Ng6 Rf7 28. c4 Rb8 29. cxb5 axb5 30. Re5 Na4 31. Nxe7+ Rxe7 32. Rxb5 1-0


[Site "https://www.chess.com"]

[Event "Titled Tuesday Blitz February 07 Late 2023"]
[White "Estrada Nieto, Julian"]
[Black "Talibov, Shiroghlan"]
[WhiteFideId "5101018"]
[BlackFideId "13429078"]
[WhiteElo "2215"]
[BlackElo "2359"]
[Result "1/2-1/2"]
[Round "02"]
[TimeControl "180+2"]
[Date "2023.02.07"]
[WhiteClock "0:00:09"]
[BlackClock "0:00:16"]

1. e4 c5 2. Nf3 d6 3. Bb5+ Nc6 4. d4 cxd4 5. Qxd4 Bd7 6. Bxc6 Bxc6 7. Nc3 e6 8. Bg5 Qa5 9. O-O-O h6 10. Bh4 e5 11. Qd2 g5 12. Bg3 Nf6 13. Kb1 Be7 14. h4 g4 15. Nh2 h5 16. Nf1 O-O-O 17. Ne3 Rhe8 18. Nf5 Bf8 19. f3 d5 20. exd5 Nxd5 21. Nxd5 Qxd2 22. Rxd2 Rxd5 23. Rxd5 Bxd5 24. Rd1 Bc6 25. fxg4 hxg4 26. h5 Be4 27. Ne3 f5 28. Re1 b5 29. Nxg4 Bd6 30. Nf6 Rh8 31. Nxe4 fxe4 32. Rxe4 Rxh5 33. a3 Rg5 34. Bh2 Rh5 35. Bg3 Rg5 36. Bh2 Rh5 37. Bg3 1/2-1/2


[Site "https://www.chess.com"]

[Event "Titled Tuesday Blitz February 07 Late 2023"]
[White "Milikow, Yoav"]
[Black "Gutkin, Ilya"]
[WhiteFideId "2822237"]
[BlackFideId "16203470"]
[WhiteElo "2394"]
[BlackElo "2273"]
[Result "1-0"]
[Round "02"]
[TimeControl "180+2"]
[Date "2023.02.07"]
[WhiteClock "0:00:18"]
[BlackClock "0:00:01"]

1. d4 e6 2. c4 Bb4+ 3. Bd2 Qe7 4. e4 Nc6 5. Nf3 Nf6 6. a3 Bxd2+ 7. Nbxd2 d6 8. Bd3 e5 9. d5 Nb8 10. b4 Bg4 11. Qa4+ Nbd7 12. Ng1 a5 13. f3 Bh5 14. Ne2 O-O 15. Qd1 c6 16. O-O Bg6 17. Qb3 Nh5 18. Kh1 Nf4 19. g3 Nxe2 20. Bxe2 cxd5 21. cxd5 f5 22. Bd3 Qg5 23. Qb2 fxe4 24. Bxe4 axb4 25. Bxg6 Qxg6 26. axb4 Qd3 27. Rad1 Qa3 28. Qb1 Nb6 29. Qe4 Ra4 30. Rb1 Qa2 31. Nb3 Ra3 32. Qd3 Rc8 33. Rfd1 Rc2 34. Qf1 Rxh2+ 35. Kg1 Rb2 36. Rxb2 Qxb2 37. Nd2 Qxb4 38. Ne4 Nc4 39. Rb1 Qa5 40. Qxc4 Ra2 41. Qc8+ Kf7 42. Nxd6+ 1-0


[Site "https://www.chess.com"]

[Event "Titled Tuesday Blitz February 07 Late 2023"]
[White "Kosakowski, Jakub"]
[Black "Buchenau, Frank"]
[WhiteFideId "1185080"]
[BlackFideId "4604350"]
[WhiteElo "2485"]
[BlackElo "2222"]
[Result "1-0"]
[Round "02"]
[TimeControl "180+2"]
[Date "2023.02.07"]
[WhiteClock "0:00:47"]
[BlackClock "0:00:07"]

1. e4 e6 2. d4 d5 3. e5 c5 4. c3 Qb6 5. Nf3 Bd7 6. Be2 cxd4 7. cxd4 Bb5 8. Nc3 Bxe2 9. Nxe2 Ne7 10. O-O Nd7 11. Nf4 Nc6 12. Be3 Be7 13. Nh5 g6 14. Ng3 Qxb2 15. Rb1 Qxa2 16. Rxb7 Nb6 17. Qc1 Rc8 18. Bg5 Qa6 19. Qxc6+ Rxc6 20. Rxe7+ Kf8 21. Bf6 Qc8 22. Ng5 Rc7 23. Rxc7 Qxc7 24. Bxh8 a5 25. Ne2 a4 26. Rc1 Nc4 27. Nc3 a3 28. Bf6 h6 29. Nf3 Qb6 30. Ne1 Qb3 31. h4 a2 32. Nxa2 Qxa2 33. h5 gxh5 34. g3 Qb2 35. Nd3 Qd2 36. Ra1 Kg8 37. Ra8+ Kh7 38. Nf4 1-0


[Site "https://www.chess.com"]

[Event "Titled Tuesday Blitz February 07 Late 2023"]
[White "Mikhalsky, Vladimir"]
[Black "Nogerbek, Kazybek"]
[WhiteFideId "14144352"]
[BlackFideId "13710427"]
[WhiteElo "2219"]
[BlackElo "2474"]
[Result "0-1"]
[Round "02"]
[TimeControl "180+2"]
[Date "2023.02.07"]
[WhiteClock "0:00:01"]
[BlackClock "0:01:23"]

1. d4 d5 2. c4 dxc4 3. Nf3 Nf6 4. e3 g6 5. Bxc4 Bg7 6. O-O O-O 7. Nc3 a6 8. a4 Nbd7 9. a5 c5 10. Qb3 cxd4 11. exd4 b5 12. axb6 Nxb6 13. Be2 Be6 14. Qb4 Nfd5 15. Nxd5 Nxd5 16. Qa5 Qxa5 17. Rxa5 Nb4 18. Bd2 Nc6 19. Rxa6 Rxa6 20. Bxa6 Bd5 21. Bc3 Bxf3 22. gxf3 Nxd4 23. Bxd4 Bxd4 24. b4 Rb8 25. Rb1 Kg7 26. Bd3 Bb6 27. b5 Rd8 28. Rb3 h5 29. Kg2 Kf6 30. h3 e6 31. Rc3 Ra8 32. Rc2 Ra3 33. Bf1 Ke5 34. Rc6 Bd4 35. b6 Ra2 36. b7 Rxf2+ 37. Kg3 Rb2 38. Ba6 g5 39. h4 Kf6 40. hxg5+ Kxg5 41. f4+ Kf6 42. Rc8 h4+ 43. Kf3 Rb3+ 44. Ke4 Ba7 45. Ra8 Re3# 0-1


[Site "https://www.chess.com"]

[Event "Titled Tuesday Blitz February 07 Late 2023"]
[White "Grot, Blazej"]
[Black "Halkias, Stelios"]
[WhiteFideId "21835845"]
[BlackFideId "4201809"]
[WhiteElo "1990"]
[BlackElo "2511"]
[Result "0-1"]
[Round "02"]
[TimeControl "180+2"]
[Date "2023.02.07"]
[WhiteClock "0:00:04"]
[BlackClock "0:00:37"]

1. e4 c5 2. Nc3 d6 3. d4 cxd4 4. Qxd4 Nc6 5. Qd2 Nf6 6. b3 e6 7. Bb2 d5 8. exd5 exd5 9. O-O-O Be6 10. Nf3 Be7 11. h3 O-O 12. g4 Bb4 13. Qd3 Qa5 14. Kb1 Rfd8 15. g5 Ne4 16. Na4 Nxf2 17. Qe2 Nxh1 18. Ne5 Ng3 19. Nxc6 bxc6 20. Qe5 Nf5 21. Bd3 Bd6 22. Qe2 Bf8 23. Bc3 Qc7 24. Qg4 d4 25. Qh5 dxc3 26. Nxc3 Qe5 27. Ne4 c5 28. Nf6+ gxf6 29. gxf6 Qxf6 30. Rg1+ Bg7 31. Kc1 c4 32. Kd2 cxd3 0-1


[Site "https://www.chess.com"]

[Event "Titled Tuesday Blitz February 07 Late 2023"]
[White "Oganian, Miran"]
[Black "Wartiovaara, Oliver"]
[WhiteFideId "4122488"]
[BlackFideId "513024"]
[WhiteElo "2439"]
[BlackElo "2264"]
[Result "1-0"]
[Round "02"]
[TimeControl "180+2"]
[Date "2023.02.07"]
[WhiteClock "0:02:04"]
[BlackClock "0:01:10"]

1. e4 c5 2. Nf3 Nc6 3. c3 Nf6 4. e5 Nd5 5. d4 cxd4 6. cxd4 d6 7. Bc4 Nb6 8. Bb3 dxe5 9. d5 Na5 10. Nc3 Nxb3 11. Qxb3 e6 12. Be3 exd5 13. O-O-O Be6 14. Kb1 d4 15. Qb5+ Qd7 16. Qxe5 Nc4 17. Qxd4 Qxd4 18. Bxd4 a6 19. b3 Na3+ 20. Kb2 O-O-O 21. Be5 Rxd1 22. Rxd1 f6 23. Bg3 Bb4 24. Na4 b5 25. Rc1+ Kd8 26. Nc5 Bc8 27. Nd4 Re8 28. Nc6# 1-0


[Site "https://www.chess.com"]

[Event "Titled Tuesday Blitz February 07 Late 2023"]
[White "Nilsen, Tobias Lang"]
[Black "Cabarkapa, Novak"]
[WhiteFideId "1521624"]
[BlackFideId "943746"]
[WhiteElo "2247"]
[BlackElo "2458"]
[Result "0-1"]
[Round "02"]
[TimeControl "180+2"]
[Date "2023.02.07"]
[WhiteClock "0:02:43"]
[BlackClock "0:02:33"]

1. e4 e6 2. d4 d5 3. Nc3 Nf6 4. e5 Nfd7 5. f4 c5 6. Nf3 Nc6 7. Be3 Be7 8. Qd2 O-O 9. Bd3 f6 10. h4 cxd4 11. Nxd4 Nxd4 12. Bxd4 fxe5 13. fxe5 Bxh4+ 14. Kd1 h6 15. Ne2 Bg5 16. Be3 Nxe5 17. Bxg5 Qxg5 18. Qxg5 hxg5 19. Rh5 Nxd3 20. cxd3 Rf1+ 0-1


[Site "https://www.chess.com"]

[Event "Titled Tuesday Blitz February 07 Late 2023"]
[White "Fernandez Guillen, Ernesto J."]
[Black "Rengifo Blancas, Renzo Jhonathan"]
[WhiteFideId "3512428"]
[BlackFideId "3807185"]
[WhiteElo "2477"]
[BlackElo "2131"]
[Result "1-0"]
[Round "02"]
[TimeControl "180+2"]
[Date "2023.02.07"]
[WhiteClock "0:00:11"]
[BlackClock "0:00:07"]

1. e4 e5 2. Nf3 Nc6 3. d4 exd4 4. Bc4 Bc5 5. O-O Nf6 6. e5 d5 7. exf6 dxc4 8. fxg7 Rg8 9. Bg5 Qd5 10. Nc3 Qf5 11. Ne4 Be7 12. Bxe7 Kxe7 13. Nxd4 Nxd4 14. Qxd4 Be6 15. Rfe1 Rad8 16. Qxa7 Rxg7 17. Qa3+ Ke8 18. g3 Rg4 19. Nc5 Rd2 20. Qe3 Rxc2 21. Rad1 Rg6 22. Qd4 Kf8 23. Nxe6+ fxe6 24. Qd8+ Kg7 25. Rd7+ Kh6 26. Qh4+ Qh5 27. Qf4+ Qg5 28. Qf8+ Kh5 29. Rxh7+ Rh6 30. Qf7+ Kg4 31. Rg7 Rh5 32. Rxg5+ Rxg5 33. Qxe6+ Kh5 34. Qf7+ Kg4 35. f3+ Kh3 36. Qh7+ 1-0


[Site "https://www.chess.com"]

[Event "Titled Tuesday Blitz February 07 Late 2023"]
[White "Figorito, Nick"]
[Black "Goltsev, Dmitry"]
[WhiteFideId "30923689"]
[BlackFideId "24176710"]
[WhiteElo "2036"]
[BlackElo "2269"]
[Result "0-1"]
[Round "02"]
[TimeControl "180+2"]
[Date "2023.02.07"]
[WhiteClock "0:01:20"]
[BlackClock "0:02:26"]

1. Nf3 d5 2. g3 c6 3. Bg2 Nf6 4. O-O g6 5. d4 Bg7 6. c4 O-O 7. cxd5 cxd5 8. Ne5 Nc6 9. Nxc6 bxc6 10. Nc3 a5 11. Bf4 Ba6 12. Be5 Nd7 13. Bxg7 Kxg7 14. Rc1 e6 15. Re1 c5 16. e4 Qf6 17. dxc5 Nxc5 18. exd5 Nd3 19. Qd2 Nxe1 20. Rxe1 Rfd8 21. Qe3 Rab8 22. dxe6 Qxe6 23. Qc1 Qb6 24. b3 Rbc8 25. Qb2 Qd4 26. Rc1 Rc5 0-1


[Site "https://www.chess.com"]